← All builds
Suicide front / Armada / Factory first / OBSERVED BUILD

Standard suicide front

Armada Suicide front build order · Supreme Isthmus

The role's baseline: Bot Lab at 0:21 then straight into reclaim-fed T1 bot production to contest the middle and hold until T2 arrives, with an Advanced Metal Extractor around 9:45.

#rush · 2010 distinct matches · 229 players · 72% of Armada Suicide front games · team won 59% of 2383 · Recently observed

HOW TO PLAY IT

Key timing: Bot Lab by 0:20

  1. Open with mex and lab-first to get Bot Lab up by 0:20.
  2. Expand mex and wind while lab pumps units toward middle.
  3. Push Sentry and early Rocketeer, Centurion to contest middle.
  4. Get T2 constructor out once Pond's boost lets you spare metal.
  5. Upgrade mex to Advanced Metal Extractor as you transition off T1 spam.

Phase by phase

TYPICAL OF ITS 2010 GAMES
  1. 1
  2. 2
  3. 3
PLAY THE OPENING

Follow the example game's first 6:00 step by step: what to build now, what comes next, and where it goes. At 1× it keeps pace with your own game.

  1. 1

    Bot Lab first

    Order
    1. Bot LabBot Lab done ~0:21, middle half 0:20–0:33

    Some games also: mex (44%)

  2. 2

    Bot Lab to 5:00

    Economy
    • Metal Extractor5Mex
    • Wind Turbine4Wind
    Builders
    • Construction Bot3 Con bot
    • Lazarus2 Lazarus
    Army
    • Sentry4 Sentry
    • Rocketeer16 Rocketeer
    • Tick2 Tick
    • Centurion1 Centurion
    Other
    • Radar Tower1 Radar Tower

    Some games also: pawn (38%) · con turret (34%)

    By 5:00 in all: 5 mex · 4 wind

    The example game in this phase · 18 steps
    1. TickTick
    2. LazarusLazarus
    3. CenturionCenturion ×2
    4. Construction BotCon bot ×3
    5. Mex ×3
    6. MaceMace
    7. RocketeerRocketeer ×3
    8. Mex
    9. RocketeerRocketeer ×2
    10. SentrySentry
    11. CenturionCenturion
    12. Wind ×3
    13. LazarusLazarus
    14. TickTick
    15. RocketeerRocketeer ×5
    16. CenturionCenturion
    17. TickTick
    18. RocketeerRocketeer
  3. 3

    5:00 to 10:00

    Economy
    • Metal Extractor1Mex
    • Wind Turbine15Wind
    Builders
    • Construction Turret2 Con turret
    • Lazarus2 Lazarus
    • Construction Bot1 Con bot
    Army
    • Sentry1 Sentry
    • Rocketeer8 Rocketeer

    Some games also: pawn (49%) · Radar Tower (46%) · tick (45%) · centurion (44%) · energy storage (43%) · eat Bot Lab (31%)

    By 10:00 in all: 6 mex · 21 wind · 1 energy storage · 2 con turret

    The example game in this phase · 160 steps
    1. RocketeerRocketeer ×4
    2. CenturionCenturion
    3. TickTick
    4. RocketeerRocketeer
    5. SentrySentry
    6. RocketeerRocketeer
    7. Dragon's TeethDragon's Teeth
    8. RocketeerRocketeer
    9. Dragon's TeethDragon's Teeth
    10. Con turret
    11. Dragon's TeethDragon's Teeth ×2
    12. RocketeerRocketeer
    13. Dragon's TeethDragon's Teeth
    14. RocketeerRocketeer
    15. Energy storage
    16. Wind
    17. CenturionCenturion
    18. Wind ×2
    19. TickTick
    20. Wind
    21. RocketeerRocketeer
    22. Wind
    23. RocketeerRocketeer
    24. Wind
    25. LazarusLazarus
    26. Wind ×2
    27. LazarusLazarus
    28. Wind ×2
    29. LazarusLazarus
    30. Wind
    31. Construction BotCon bot
    32. Wind ×2
    33. Construction BotCon bot
    34. Wind
    35. RocketeerRocketeer
    36. Wind
    37. LazarusLazarus
    38. Wind
    39. LazarusLazarus
    40. Wind
    41. RocketeerRocketeer
    42. Wind
    43. RocketeerRocketeer
    44. Wind
    45. CenturionCenturion
    46. Wind ×2
    47. TickTick
    48. Energy storage
    49. RocketeerRocketeer
    50. Wind
    51. LazarusLazarus
    52. Wind ×2
    53. Advanced Metal ExtractorT2 mexdone 10:25 · typical 9:46
    54. LazarusLazarus
    55. Con turret
    56. Wind ×3
    57. LazarusLazarus
    58. TickTick ×2
    59. Advanced Metal ExtractorT2 mex
    60. TickTick ×5
    61. LazarusLazarus
    62. Advanced Metal ExtractorT2 mex
    63. Con turret
    64. LazarusLazarus
    65. Mex
    66. LazarusLazarus ×3
    67. TickTick ×3
    68. Construction BotCon bot ×2
    69. BeamerBeamer
    70. Construction BotCon bot
    71. LazarusLazarus
    72. Wind
    73. LazarusLazarus
    74. Wind
    75. Construction BotCon bot ×2
    76. Wind
    77. Construction BotCon bot
    78. BeamerBeamer
    79. Construction BotCon bot
    80. Wind
    81. Construction BotCon bot
    82. Wind
    83. Construction BotCon bot ×2
    84. Wind
    85. Construction BotCon bot
    86. Armada CommanderArmada Commander
    87. Wind
    88. Construction BotCon bot
    89. Wind
    90. TickTick ×3
    91. Wind
    92. TickTick
    93. Dragon's TeethDragon's Teeth
    94. TickTick
    95. Dragon's TeethDragon's Teeth
    96. TickTick
    97. Dragon's TeethDragon's Teeth
    98. Wind
    99. TickTick
    100. Dragon's TeethDragon's Teeth
    101. Wind
    102. TickTick
    103. Dragon's TeethDragon's Teeth
    104. TickTick
    105. Dragon's TeethDragon's Teeth
    106. TickTick
    107. Dragon's TeethDragon's Teeth
    108. Wind ×2
    109. TickTick
    110. Advanced Metal ExtractorT2 mex
    111. Dragon's TeethDragon's Teeth
    112. TickTick ×2
    113. SentrySentry
    114. Wind
    115. Dragon's TeethDragon's Teeth
    116. TickTick
    117. Wind
    118. TickTick
    119. Dragon's TeethDragon's Teeth
    120. TickTick
    121. NettleNettle
    122. Wind
    123. TickTick
    124. Wind
    125. Dragon's TeethDragon's Teeth
    126. TickTick ×2
    127. Dragon's TeethDragon's Teeth
    128. NettleNettle
    129. Wind
    130. TickTick
    131. Wind
    132. Dragon's TeethDragon's Teeth
    133. TickTick ×2
    134. Wind
    135. TickTick
    136. Wind
    137. TickTick ×2
    138. Wind
    139. TickTick
    140. Wind
    141. TickTick ×2
    142. Converter
    143. Wind
    144. TickTick
    145. Wind
    146. VeilVeil
    147. Wind
    148. TickTick ×2
    149. Wind
    150. TickTick
    151. Wind ×2
    152. Converter
    153. TickTick ×2
    154. Wind ×2
    155. TickTick
    156. Wind ×2
    157. TickTick
    158. Wind
    159. Converter
    160. Wind ×3

Counts are medians over the build's games: half of them build more, half fewer. The example game is OsamaBinClappin's (31 OS, 13/09/2026); pick another.

Team trades

IN AT LEAST 30% OF ITS GAMES

You hand over

Nothing regular.

You get

  • Tidal Generator4 Tidal from Pondfirst at 0:10 · in 68% of games
  • Advanced Construction Bot1 T2 con bot from Geo or Techfirst at 7:41 · in 57% of games

How it plays out

Typical game of this build, running totals by minute

Metal produced

010k20k
0:005:0010:0015:00

metal

Enemy metal destroyed

05k10k
0:005:0010:0015:00

metal

Own metal lost

05k10k
0:005:0010:0015:00

metal

2383 games.

Show as table
ByMetal produced: This buildEnemy metal destroyed: This buildOwn metal lost: This build
1:0023000
2:0088700
3:002009184130
4:003110645501
5:00418513571000
6:00534921831712
7:00653930512597
8:00776039393502
9:00904647004376
10:001041853145163
11:001189458585965
12:001360664076686
13:001540768797437
14:001729875058212
15:001926981098991
WHAT THE NUMBERS SAY

Standard Suicide front play wins a bit over half its games while taking the heaviest own losses of any role by 15:00.

  • + Produces 20142 metal by 15:00, highest of the front roles.
  • + First kill by 2:01 in all games, fastest contest of middle.
  • − Own metal lost hits 9178 by 15:00, more than enemy metal destroyed.
  • − Only 34% Rocketeer share shows army spread thin across many bot types.
THE EXAMPLE YOU ARE READING

OsamaBinClappin

31.1 OS · 13/09/2026

Open source match ↗

5 received units · includes a constructor
75 metal received · 31834 energy received

Allied construction assistance is unknown. Timings are observations, not a promise of solo reproducibility.

Typical milestones

Bot Lab0:21Middle 50%: 0:20–0:33 · n=2375
Advanced Metal Extractor9:46Middle 50%: 8:50–10:58 · n=1723

Played most by

_X_262games of this buildPlatinumBlonde188games of this buildXad166games of this buildTrapCaT107games of this buildImmort80games of this build